 Dungeon Crawl Stone Soup version 0.22-a0-897-g1b7a381375 (webtiles) character file.

12133 Htamos the Nimble (level 11, -3/89 HPs)
             Began as a Gnoll Monk on July 31, 2018.
             Was a Priest of Ashenzari.
             Slain by a slime creature (11 damage)
             ... on level 10 of the Dungeon.
             The game lasted 00:25:10 (12602 turns).

Htamos the Nimble (Gnoll Monk)                     Turns: 12602, Time: 00:25:11

Health: -3/89      AC: 16    Str: 17    XL:     11   Next: 88%
Magic:  20/20      EV: 10    Int: 12    God:    Ashenzari [***...]
Gold:   958        SH: 17    Dex: 18    Spells: 23/23 levels left

rFire    . . .     SeeInvis +   b - +6 broad axe
rCold    . . .     Gourm    .   P - +1 large shield (curse)
rNeg     . . .     Faith    +   M - +0 plate armour
rPois    .         Spirit   .   (no helmet)
rElec    .         Reflect  .   o - +0 cloak
rCorr    .         Harm     .   i - +0 pair of gloves
MR       +....                  C - +0 pair of boots
Stlth    ..........             R - amulet of faith (curse)
HPRegen  0.24/turn              u - +3 ring of evasion
MPRegen  0.17/turn              A - ring of protection from magic

@: hasted (expiring), very quick
A: distributed training, fangs 1, strong nose
a: Curse Item, Scrying, Renounce Religion


You were on level 10 of the Dungeon.
You worshipped Ashenzari.
Ashenzari was most pleased with you.
You were near starving.

You visited 2 branches of the dungeon, and saw 11 of its levels.
You also visited: Ossuary.

You collected 958 gold pieces.

Inventory:

Hand Weapons
 a - a +0 short sword
 b - a +6 broad axe (weapon)
 f - a +2 dagger of electrocution
 m - a +1 antimagic trident
 v - a +0 blowgun
 x - a +0 whip of electrocution
 y - a +3 short sword
 Q - a +1 halberd of venom
Missiles
 r - 7 poisoned needles
Armour
 i - a +0 pair of gloves (worn)
 o - a +0 cloak (worn)
 C - a +0 pair of boots (worn)
 M - a +0 plate armour (worn)
 P - a cursed +1 large shield (worn)
Jewellery
 h - an uncursed ring of teleportation
 n - a -3 ring of intelligence
 u - a +3 ring of evasion (left hand)
 A - a ring of protection from magic (right hand)
 E - an uncursed amulet of magic regeneration
 J - an uncursed ring of fire
 O - a +4 ring of strength
 R - a cursed amulet of faith (around neck)
Wands
 g - a wand of flame (21)
 t - a wand of polymorph (7)
 I - a wand of random effects (29)
 K - a wand of iceblast (1)
 T - a wand of acid (6)
Scrolls
 j - 3 scrolls of magic mapping
 p - 5 scrolls of identify
 q - 3 scrolls of immolation
 s - 3 scrolls of amnesia
 w - a scroll of fear
 B - a scroll of enchant armour
 L - 2 scrolls of teleportation
Potions
 d - 2 potions of mutation
 e - 2 potions of curing
 k - a potion of cancellation {unknown}
 l - 2 potions of resistance
 z - 3 potions of lignification {unknown}
 F - 2 potions of magic
 G - a potion of agility {unknown}
 H - a potion of ambrosia {unknown}
 N - a potion of heal wounds {unknown}
 S - a potion of flight {unknown}
 U - a potion of berserk rage {unknown}
 V - a potion of degeneration {unknown}
Comestibles
 c - 6 rations


   Skills:
 + Level 9.3 Fighting
 + Level 9.3 Short Blades
 + Level 6.6 Long Blades
 + Level 6.6 Axes
 + Level 6.6 Maces & Flails
 + Level 6.6 Polearms
 + Level 6.6 Staves
 + Level 6.6 Slings
 + Level 6.6 Bows
 + Level 6.6 Crossbows
 + Level 6.6 Throwing
 + Level 6.6 Armour
 + Level 9.3 Dodging
 + Level 7.9 Stealth
 + Level 6.6(8.5) Shields
 + Level 6.6 Unarmed Combat
 + Level 6.6 Spellcasting
 + Level 5.4 Conjurations
 + Level 5.4 Hexes
 + Level 5.4 Charms
 + Level 5.4 Summonings
 + Level 5.4 Necromancy
 + Level 5.4 Translocations
 + Level 5.4 Transmutations
 + Level 5.4 Fire Magic
 + Level 5.4 Ice Magic
 + Level 5.4 Air Magic
 + Level 5.4 Earth Magic
 + Level 5.4 Poison Magic
 + Level 7.2 Invocations
 + Level 6.6 Evocations


You had 23 spell levels left.
You didn't know any spells.
Your spell library contained the following spells:

 Spells                   Type           Power        Failure   Level  Hunger
 Apportation              Tloc           ###...       99%         1    None
 Summon Small Mammal      Summ           ###.         99%         1    None
 Animate Skeleton         Necr           N/A          99%         1    None
 Confusing Touch          Hex            ###...       99%         1    None


Dungeon Overview and Level Annotations

Branches:
Dungeon (10/15)            Temple (1/1) D:6            Lair (0/6) D:9
    Orc (0/2) D:9

Altars:
Ashenzari
Cheibriados
Dithmenos
Fedhas
Gozag
Hepliaklqana
Makhleb
Nemelex Xobeh
Okawaru
Qazlal
Ru
Trog
Uskayaw
Vehumet
Xom
Yredelemnul
The Shining One

Shops:
D:5 [   D:8 [

Annotations:
D:9 3 runed doors, P0WERM0DE's ghost, novice FoFi


Innate Abilities, Weirdness & Mutations

Your experience applies equally to all skills.
You have very sharp teeth.
Your uncanny sense of smell can sniff out nearby items.


Message History

The slime creature hits you but does no damage.
You completely miss the slime creature.
The slime creature is severely wounded.
Your extra speed is starting to run out.
The slime creature hits you.
* * * LOW HITPOINT WARNING * * *
You hit the slime creature. You bite the slime creature.
The slime creature is severely wounded.
You block the slime creature's attack.
You hit the slime creature.
The slime creature is severely wounded.
You block the slime creature's attack.
You hit the slime creature. Your bite misses the slime creature.
The slime creature is severely wounded.
The slime creature hits you!
* * * LOW HITPOINT WARNING * * *
You slash the slime creature!
The slime creature is almost dead.
The slime creature hits you!
You die...

.J# #.## ##'####### #.# #..#
#..## #.# ##.# ##..#### #.#
#.# ##....# #.# #.# ####.##
#'### ###'### #....#### ....#
#.....# #........
....########...J.### #....####
....'..J..##....@'.######....#
....#####..#.....#...........#
....# ##.'.....########....#
....# ###.....# #....# #'###
####'## ###.## ..# #.# #..#
.## #.# #.## ## #.#
#####'###### ######
#######'#### #..........#


You could see a slime creature.

Vanquished Creatures
  5 two-headed ogres
  An ugly thing (D:9)
  A komodo dragon (D:9)
  A troll (D:9)
  5 slime creatures (D:10)
  2 hippogriffs (D:8)
  5 yaks (D:10)
  A hungry ghost (D:8)
  4 orc warriors
  2 sky beasts
  2 ice beasts
  2 phantoms
  13 ogres
  A necrophage (D:7)
  4 centaurs
  2 big kobolds (D:9)
  5 bullfrogs
  3 gnoll sergeants (D:9)
  2 scorpions
  A jelly (D:10)
  8 wights
  2 electric eels (D:8)
  The ghost of LLavrengius the Insei, a weakling OpTm (D:4)
  A howler monkey (D:6)
  A crimson imp (D:5)
  4 centaur zombies
  4 hounds
  A quasit (D:7)
  A bullfrog skeleton (D:5)
  A gnoll shaman (D:7)
  2 orc priests
  8 orc wizards
  An iguana (D:4)
  Ijyb (D:2)
  Natasha (thrice) (D:3)
  4 worker ants
  2 big kobold zombies (Ossuary)
  A hound zombie (D:5)
  2 mummies (Ossuary)
  A worker ant zombie (D:5)
  A howler monkey zombie (D:7)
  13 gnolls
  14 adders
  2 shadow imps
  An ooze (D:3)
  An adder zombie (D:7)
  3 worms
  2 dart slugs
  9 leopard geckos
  37 orcs
  3 ball pythons
  6 giant cockroaches
  4 gnoll zombies (Ossuary)
  3 goblins
  12 hobgoblins
  16 jackals
  12 kobolds
  6 quokkas
  8 bats
  5 frilled lizards
  6 goblin zombies (Ossuary)
  A jackal skeleton (D:4)
  An orc zombie (Ossuary)
  A rat (D:1)
  A plant (D:9)
279 creatures vanquished.

Vanquished Creatures (others)
  A plant (D:9)
1 creature vanquished.

Grand Total: 280 creatures vanquished

Notes
Turn   | Place    | Note
-------+----------+-------------------------------------------
     0 | D:1      | Htamos the Gnoll Monk began the quest for the Orb.
     0 | D:1      | Reached XP level 1. HP: 23/23 MP: 1/1
   160 | D:1      | Reached XP level 2. HP: 22/29 MP: 2/2
   482 | D:1      | You fall through a shaft!
   566 | D:2      | Reached XP level 3. HP: 35/35 MP: 3/3
   832 | D:1      | Reached skill level 1 in Invocations
  1206 | D:2      | Reached skill level 1 in Long Blades
  1206 | D:2      | Reached skill level 1 in Axes
  1206 | D:2      | Reached skill level 1 in Maces & Flails
  1206 | D:2      | Reached skill level 1 in Polearms
  1206 | D:2      | Reached skill level 1 in Staves
  1206 | D:2      | Reached skill level 1 in Slings
  1206 | D:2      | Reached skill level 1 in Bows
  1206 | D:2      | Reached skill level 1 in Crossbows
  1206 | D:2      | Reached skill level 1 in Throwing
  1206 | D:2      | Reached skill level 1 in Armour
  1206 | D:2      | Reached skill level 1 in Shields
  1206 | D:2      | Reached skill level 1 in Unarmed Combat
  1206 | D:2      | Reached skill level 1 in Spellcasting
  1206 | D:2      | Reached skill level 1 in Evocations
  1206 | D:2      | Reached XP level 4. HP: 33/41 MP: 5/5
  1608 | D:3      | Noticed an ogre
  1609 | D:3      | Noticed Ijyb
  1656 | D:2      | Killed an ogre
  1656 | D:2      | Reached skill level 1 in Conjurations
  1656 | D:2      | Reached skill level 1 in Hexes
  1656 | D:2      | Reached skill level 1 in Charms
  1656 | D:2      | Reached skill level 1 in Summonings
  1656 | D:2      | Reached skill level 1 in Necromancy
  1656 | D:2      | Reached skill level 1 in Translocations
  1656 | D:2      | Reached skill level 1 in Transmutations
  1656 | D:2      | Reached skill level 1 in Fire Magic
  1656 | D:2      | Reached skill level 1 in Ice Magic
  1656 | D:2      | Reached skill level 1 in Air Magic
  1656 | D:2      | Reached skill level 1 in Earth Magic
  1656 | D:2      | Reached skill level 1 in Poison Magic
  1656 | D:2      | Reached XP level 5. HP: 16/47 MP: 5/7
  1874 | D:2      | Killed Ijyb
  2327 | D:3      | Reached XP level 6. HP: 34/53 MP: 8/8
  2467 | D:3      | Found a burning altar of Makhleb.
  2610 | D:3      | Noticed Natasha
  2613 | D:3      | Killed Natasha
  2618 | D:3      | Noticed Natasha
  2631 | D:3      | Killed Natasha
  2797 | D:3      | Noticed Natasha
  2807 | D:3      | Killed Natasha
  3310 | D:4      | Found a glowing golden altar of the Shining One.
  3374 | D:4      | Reached XP level 7. HP: 53/59 MP: 10/10
  3407 | D:4      | Found a sand-covered staircase.
  3425 | Ossuary  | Entered an ossuary
  3888 | D:4      | Found an opulent altar of Gozag.
  4132 | D:4      | Found a runed door.
  4133 | D:4      | Noticed LLavrengius's ghost (weakling OpTm)
  4515 | D:4      | Killed LLavrengius's ghost
  4515 | D:4      | Reached skill level 5 in Stealth
  4610 | D:5      | Entered Level 5 of the Dungeon
  4664 | D:5      | Found Majiu's Armour Shoppe.
  4730 | D:5      | Found a blossoming altar of Fedhas.
  5152 | D:6      | Reached XP level 8. HP: 67/67 MP: 12/12
  5519 | D:6      | Found a shadowy altar of Dithmenos.
  5825 | D:5      | Reached XP level 9. HP: 56/72 MP: 14/14
  6012 | D:6      | Found a staircase to the Ecumenical Temple.
  6073 | Temple   | Entered the Ecumenical Temple
  6080 | Temple   | Became a worshipper of Ashenzari the Shackled
  6080 | Temple   | Reached * piety under Ashenzari
  6080 | Temple   | Reached ** piety under Ashenzari
  6366 | D:7      | Found a shattered altar of Ashenzari.
  7410 | D:8      | Noticed a two-headed ogre
  7411 | D:8      | Noticed a two-headed ogre
  7453 | D:8      | Noticed a two-headed ogre
  8278 | D:8      | Killed a two-headed ogre
  8278 | D:8      | Reached skill level 5 in Invocations
  8278 | D:8      | Reached XP level 10. HP: 37/80 MP: 15/17
  8498 | D:7      | Killed a two-headed ogre
  8498 | D:7      | Reached skill level 5 in Long Blades
  8498 | D:7      | Reached skill level 5 in Axes
  8498 | D:7      | Reached skill level 5 in Maces & Flails
  8498 | D:7      | Reached skill level 5 in Polearms
  8498 | D:7      | Reached skill level 5 in Staves
  8498 | D:7      | Reached skill level 5 in Slings
  8498 | D:7      | Reached skill level 5 in Bows
  8498 | D:7      | Reached skill level 5 in Crossbows
  8498 | D:7      | Reached skill level 5 in Throwing
  8498 | D:7      | Reached skill level 5 in Armour
  8498 | D:7      | Reached skill level 5 in Shields
  8498 | D:7      | Reached skill level 5 in Unarmed Combat
  8498 | D:7      | Reached skill level 5 in Spellcasting
  8498 | D:7      | Reached skill level 5 in Evocations
  9040 | D:8      | Found a glowing golden altar of the Shining One.
  9321 | D:8      | Found Johoucy's Armour Emporium.
  9639 | D:8      | Killed a two-headed ogre
 10182 | D:9      | Found a shimmering altar of Xom.
 10201 | D:9      | Found a basalt altar of Yredelemnul.
 10307 | D:9      | Noticed a two-headed ogre
 10332 | D:9      | Killed a two-headed ogre
 10410 | D:9      | Reached XP level 11. HP: 80/87 MP: 19/19
 10494 | D:9      | Found a runed gate.
 10495 | D:9      | Found a runed gate.
 10496 | D:9      | Found a runed gate.
 10500 | D:9      | Noticed a cyan ugly thing
 10501 | D:9      | Noticed P0WERM0DE's ghost (novice FoFi)
 10510 | D:9      | Killed a cyan ugly thing
 10802 | D:9      | Found a staircase to the Orcish Mines.
 10966 | D:9      | Reached skill level 5 in Conjurations
 10966 | D:9      | Reached skill level 5 in Hexes
 10966 | D:9      | Reached skill level 5 in Charms
 10966 | D:9      | Reached skill level 5 in Summonings
 10966 | D:9      | Reached skill level 5 in Necromancy
 10966 | D:9      | Reached skill level 5 in Translocations
 10966 | D:9      | Reached skill level 5 in Transmutations
 10966 | D:9      | Reached skill level 5 in Fire Magic
 10966 | D:9      | Reached skill level 5 in Ice Magic
 10966 | D:9      | Reached skill level 5 in Air Magic
 10966 | D:9      | Reached skill level 5 in Earth Magic
 10966 | D:9      | Reached skill level 5 in Poison Magic
 11039 | D:9      | Reached *** piety under Ashenzari
 11071 | D:9      | Noticed a two-headed ogre
 11093 | D:9      | Killed a two-headed ogre
 11381 | D:9      | Found a staircase to the Lair.
 11854 | D:10     | Entered Level 10 of the Dungeon
 12602 | D:10     | Slain by a slime creature

Vault maps used:
D:1:      dpeg_arrival_boxorama
D:2:      first_ration
D:3:      lemuel_crystal_altar, uniq_ijyb, uniq_natasha
D:4:      nicolae_overflow_crystal_walls, ebering_ghost_sewer_d,
          enter_ossuary_2, nicolae_tso_swordbearing_angel
D:5:      wad_lake_hut, overflow_temple_1_default, serial_shops, shop
D:6:      lemuel_crystal_altar, minmay_temple_entry_enclosed_plants
D:7:      cheibrodos_quashed, basic_altar, grunt_ogre_cave
D:8:      nicolae_overflow_hidden_temple, lemuel_crystal_altar, serial_shops,
          nicolae_shop_behind_doors
D:9:      xom_teletrap_fun, yredelemnul_altar_generic, david_lair_shrubbed,
          kennysheep_orc_monster_closet_entryway, ebering_ghost_rock_garden
Temple:   eino_temple_lava
Ossuary:  minmay_ossuary_gauntlet

Skill      XL: |  1  2  3  4  5  6  7  8  9 10 11 |
---------------+----------------------------------+-----
Invocations    | 1 2 3 4 5 6 7 |  7.2
Long Blades    | 1 2 3 4 5 6 |  6.6
Axes           | 1 2 3 4 5 6 |  6.6
Maces & Flails | 1 2 3 4 5 6 |  6.6
Polearms       | 1 2 3 4 5 6 |  6.6
Staves         | 1 2 3 4 5 6 |  6.6
Slings         | 1 2 3 4 5 6 |  6.6
Bows           | 1 2 3 4 5 6 |  6.6
Crossbows      | 1 2 3 4 5 6 |  6.6
Throwing       | 1 2 3 4 5 6 |  6.6
Armour         | 1 2 3 4 5 6 |  6.6
Shields        | 1 2 3 4 5 6 |  6.6
Unarmed Combat | 1 2 3 4 5 6 |  6.6
Spellcasting   | 1 2 3 4 5 6 |  6.6
Evocations     | 1 2 3 4 5 6 |  6.6
Conjurations   | 1 2 3 4 5 |  5.4
Hexes          | 1 2 3 4 5 |  5.4
Charms         | 1 2 3 4 5 |  5.4
Summonings     | 1 2 3 4 5 |  5.4
Necromancy     | 1 2 3 4 5 |  5.4
Translocations | 1 2 3 4 5 |  5.4
Transmutations | 1 2 3 4 5 |  5.4
Fire Magic     | 1 2 3 4 5 |  5.4
Ice Magic      | 1 2 3 4 5 |  5.4
Air Magic      | 1 2 3 4 5 |  5.4
Earth Magic    | 1 2 3 4 5 |  5.4
Poison Magic   | 1 2 3 4 5 |  5.4
Fighting       | 7 8 9 |  9.3
Short Blades   | 7 8 9 |  9.3
Dodging        | 7 8 9 |  9.3
Stealth        | 5 6 7 |  7.9

Action                   |  1- 3 |  4- 6 |  7- 9 | 10-12 || total
-------------------------+-------+-------+-------+-------++-------
Melee: Short sword       |    14 |       |       |    21 ||    35
       Bite              |     9 |    21 |    78 |    61 ||   169
       Dagger            |    80 |   163 |   315 |       ||   558
       Punch             |       |     2 |     2 |       ||     4
       Whip              |       |       |   202 |       ||   202
       Broad axe         |       |       |     5 |   324 ||   329
Invok: Curse Item        |       |       |     2 |       ||     2
Evoke: Wand              |       |       |     2 |     6 ||     8
  Use: Scroll            |       |    10 |     8 |     2 ||    20
       Potion            |       |     2 |     2 |     2 ||     6
 Stab: Sleeping          |     8 |       |       |       ||     8
  Eat: Chunk             |     1 |     6 |    16 |     3 ||    26
       Ration            |       |       |     2 |     3 ||     5
Armor: Robe              |     4 |       |       |       ||     4
       Chain mail        |    29 |    58 |    76 |       ||   163
       Plate armour      |       |       |    69 |    91 ||   160
Dodge: Dodged            |    37 |    61 |   152 |    72 ||   322
Block: Large shield      |       |       |   156 |   302 ||   458

Table legend:
 A = Spawn XP
 B = Non-spawn XP
 C = Spawn XP percentage of total XP
 D = Spawn monster count
 E = Non-spawn monster count
 F = Spawn count percentage of total count
 G = Total turns spent on level
                    A         B        C        D         E        F      G
               +---------+---------+-------+---------+---------+-------+---------
         Total |       0 |   17334 |   0.0 |       0 |     278 |   0.0 | 12602
               +---------+---------+-------+---------+---------+-------+---------
           D:1 |       0 |      40 |   0.0 |       0 |      22 |   0.0 |   976
           D:2 |       0 |     221 |   0.0 |       0 |      24 |   0.0 |   925
           D:3 |       0 |     250 |   0.0 |       0 |      30 |   0.0 |  1256
           D:4 |       0 |     384 |   0.0 |       0 |      20 |   0.0 |  1090
           D:5 |       0 |     523 |   0.0 |       0 |      12 |   0.0 |   879
           D:6 |       0 |     896 |   0.0 |       0 |      32 |   0.0 |   785
           D:7 |       0 |    1966 |   0.0 |       0 |      33 |   0.0 |  2503
           D:8 |       0 |    3400 |   0.0 |       0 |      28 |   0.0 |  1321
           D:9 |       0 |    5298 |   0.0 |       0 |      42 |   0.0 |  1741
          D:10 |       0 |    4203 |   0.0 |       0 |      19 |   0.0 |   748
       Ossuary |       0 |     153 |   0.0 |       0 |      16 |   0.0 |   363
               +---------+---------+-------+---------+---------+-------+---------
